[Event "Titled Tuesday Blitz February 28 Early 2023"]
[White "Zhigalko, Sergei"]
[Black "Fawzy, Adham"]
[WhiteFideId "13502956"]
[BlackFideId "10613129"]
[WhiteElo "2626"]
[BlackElo "2543"]
[Result "1/2-1/2"]
[Round "01"]
[TimeControl "180+2"]
[Date "2023.02.28"]
[WhiteClock "0:00:09"]
[BlackClock "0:00:09"]

1. e4 c5 2. Nf3 d6 3. d4 cxd4 4. Qxd4 Nc6 5. Bb5 Bd7 6. Bxc6 Bxc6 7. Nc3 Nf6 8. Bg5 e6 9. O-O-O Be7 10. Rhe1 O-O 11. Kb1 h6 12. Bh4 b5 13. Bxf6 Bxf6 14. Qxd6 Qb6 15. Ne5 Bxe5 16. Qxe5 b4 17. Ne2 Qxf2 18. Nf4 Rac8 19. Nh5 f6 20. Qxe6+ Kh8 21. Qg4 Qxc2+ 22. Ka1 Rg8 23. Nf4 Bxe4 24. h3 Bf5 25. Qf3 Rgd8 26. g4 Rxd1+ 27. Qxd1 Qxd1+ 28. Rxd1 Be4 29. b3 g5 30. Nh5 f5 31. Re1 Kh7 32. Ng3 Kg7 33. Nxe4 fxe4 34. Rxe4 Rc3 35. Rxb4 Rxh3 36. Ra4 Rg3 37. Kb2 Kg6 38. Ra6+ Kg7 39. Rxa7+ Kg6 40. Ra6+ Kg7 41. Ra4 Kf6 42. Rc4 Rh3 43. a4 Ke5 44. a5 h5 45. a6 hxg4 46. Rxg4 Kf5 47. Ra4 Rh8 48. b4 g4 49. b5 g3 50. Ra1 Ke5 51. Kb3 Kd6 52. Kb4 Kc7 53. Ka5 Kb8 54. Rg1 Rg8 55. Rg2 Ka8 56. Kb6 Kb8 57. Ka5 Ka8 58. Kb4 Rg4+ 59. Kc5 Rg5+ 60. Kc6 Rg6+ 61. Kd5 Rg5+ 62. Kc4 Rg4+ 63. Kb3 Rg5 64. Kb4 Rg4+ 65. Ka5 Rg5 66. Ka4 Rg4+ 67. Kb3 Rg5 68. Kc4 Rg4+ 69. Kc3 Rg5 70. b6 Rg6 71. b7+ Ka7 72. Rb2 Rg8 73. Rb1 g2 74. Rg1 Kxa6 75. Rxg2 Rb8 76. Rb2 Rxb7 77. Ra2+ Kb6 78. Kc4 Kc7 79. Kd5 Rb5+ 80. Kc4 Rb6 81. Ra7+ Rb7 82. Ra5 Rb6 83. Rg5 Rc6+ 84. Kb5 Rb6+ 85. Kc5 Rc6+ 86. Kb5 Rb6+ 87. Kc4 Rc6+ 88. Rc5 Rxc5+ 89. Kxc5 1/2-1/2


[Site "https://www.chess.com"]

[Event "Titled Tuesday Blitz February 28 Early 2023"]
[White "Vivas Zamora, Fabian Ernesto"]
[Black "Bacrot, Etienne"]
[WhiteFideId "3902480"]
[BlackFideId "605506"]
[WhiteElo "2262"]
[BlackElo "2667"]
[Result "0-1"]
[Round "01"]
[TimeControl "180+2"]
[Date "2023.02.28"]
[WhiteClock "0:00:01"]
[BlackClock "0:00:08"]

1. c4 c6 2. Nf3 d5 3. b3 Nf6 4. Bb2 g6 5. g3 Bg7 6. Bg2 O-O 7. O-O a5 8. Nc3 Na6 9. e3 Bf5 10. d4 Nb4 11. Ne5 Nd7 12. Nxd7 Qxd7 13. cxd5 cxd5 14. Na4 Qd6 15. Ba3 Rac8 16. Rc1 Rxc1 17. Qxc1 Rc8 18. Qe1 Bd3 19. Nc5 Bxf1 20. Qxf1 b6 21. Nd3 e6 22. Bxb4 axb4 23. Qe1 Rc3 24. Bf1 Bf8 25. a3 Rxb3 26. axb4 Qc7 27. Qa1 Qc2 28. Qa4 Bd6 29. Qe8+ Kg7 30. Qd7 Qc7 31. Qa4 Rb1 32. Kg2 h5 33. h4 Be7 34. Qa2 Rxb4 35. Nxb4 Bxb4 36. Qb3 Bd6 37. Qb5 Be7 38. Bd3 Bd8 39. Be2 Qc3 40. Bd3 Bc7 41. Be2 Qd2 42. Qd3 Qb2 43. Qb5 Qc3 44. Qd3 Qb4 45. Qb5 Qd6 46. Qd3 Bd8 47. Qb5 Be7 48. Qd3 e5 49. dxe5 Qxe5 50. Bf3 Bc5 51. Qxd5 Qb2 52. Qd7 Bxe3 53. Bd5 Qxf2+ 54. Kh3 Qf1+ 55. Bg2 Qf6 56. Qd3 Bc5 57. Qb5 Qe5 58. Qc6 Bd6 59. Qf3 b5 60. Bf1 Qe6+ 61. Kg2 b4 0-1


[Site "https://www.chess.com"]

[Event "Titled Tuesday Blitz February 28 Early 2023"]
[White "Dardha, Daniel"]
[Black "Arencibia Monduy, Antonio"]
[WhiteFideId "240990"]
[BlackFideId "3507939"]
[WhiteElo "2581"]
[BlackElo "2467"]
[Result "1-0"]
[Round "01"]
[TimeControl "180+2"]
[Date "2023.02.28"]
[WhiteClock "0:01:42"]
[BlackClock "0:00:19"]

1. d4 Nf6 2. Bg5 d5 3. e3 e6 4. Nd2 Be7 5. f4 Ne4 6. Nxe4 dxe4 7. Bxe7 Qxe7 8. Qd2 O-O 9. Bc4 Nd7 10. Ne2 b6 11. O-O Bb7 12. Ng3 f5 13. d5 exd5 14. Bxd5+ Bxd5 15. Qxd5+ Qf7 16. Nxf5 Qxd5 17. Ne7+ Kf7 18. Nxd5 c6 19. Nc3 Nf6 20. h3 h5 21. Rfd1 Rad8 22. Kf2 Ke6 23. Ne2 c5 24. Nc3 Kf5 25. a4 g5 26. fxg5 Kxg5 27. Ke2 Kh4 28. Rf1 Kg3 29. Rxf6 Rxf6 30. Nxe4+ Kxg2 31. Nxf6 h4 32. Nh5 Kxh3 33. Rh1+ Kg4 34. Nf4 c4 35. Rg1+ Kf5 36. c3 a6 37. Kf3 Rd2 38. Rg6 Rxb2 39. e4+ 1-0


[Site "https://www.chess.com"]

[Event "Titled Tuesday Blitz February 28 Early 2023"]
[White "Valgmae, Toomas"]
[Black "Perez Ponsa, Federico"]
[WhiteFideId "4502523"]
[BlackFideId "117927"]
[WhiteElo "2170"]
[BlackElo "2592"]
[Result "1-0"]
[Round "01"]
[TimeControl "180+2"]
[Date "2023.02.28"]
[WhiteClock "0:00:27"]
[BlackClock "0:00:18"]

1. d4 Nf6 2. c4 g6 3. Nc3 Bg7 4. e4 d6 5. Be2 O-O 6. Bg5 c5 7. d5 e6 8. Qd2 exd5 9. cxd5 Re8 10. f3 a6 11. a4 h6 12. Be3 h5 13. h4 Nh7 14. g3 Nd7 15. Nh3 Ne5 16. Nf4 Rb8 17. O-O Bd7 18. a5 b5 19. axb6 Qxb6 20. Rxa6 Qxb2 21. Rxd6 Qxd2 22. Bxd2 Rb2 23. Rd1 Ra8 24. Nd3 Nxd3 25. Bxd3 Bd4+ 26. Kf1 Bh3+ 27. Ke1 Be5 28. Rc6 Bxg3+ 29. Ke2 Bxh4 30. Rb1 Rxb1 31. Bxb1 Be7 32. d6 Bf8 33. e5 Rc8 34. Rxc8 Bxc8 35. Ne4 h4 36. Nxc5 h3 37. Kf2 f6 38. f4 g5 39. Ba2+ Kh8 40. Be6 gxf4 41. Bxc8 fxe5 42. Ne4 Kg7 43. d7 Be7 44. Ba5 Ng5 45. Nxg5 h2 46. Ne6+ Kf7 47. Kg2 f3+ 48. Kxh2 e4 49. d8=Q Bxd8 50. Nxd8+ Kf6 51. Kg3 e3 52. Kxf3 e2 53. Kxe2 Ke5 54. Ba6 Kd5 55. Nf7 Ke4 56. Ng5+ Kd5 57. Kd3 Ke5 58. Nf3+ Kd5 59. Bc4+ Kd6 60. Bc3 Kc5 61. Bd4+ Kd6 62. Ke4 Kc6 63. Ne5+ Kd6 64. Be3 Ke7 65. Kd5 Kf6 66. Bd3 Ke7 67. Bg5+ Kf8 68. Bf5 Kg7 69. Ke6 Kf8 70. Bg6 Kg7 71. Kf5 Kf8 72. Kf6 Kg8 73. Bh6 Kh8 74. Nf7+ Kg8 75. Ng5 Kh8 76. Bg7+ Kg8 77. Bf7# 1-0


[Site "https://www.chess.com"]

[Event "Titled Tuesday Blitz February 28 Early 2023"]
[White "Bernadskiy, Vitaliy"]
[Black "Mohammed, Dilshad"]
[WhiteFideId "14100371"]
[BlackFideId "5050421"]
[WhiteElo "2488"]
[BlackElo "2102"]
[Result "1-0"]
[Round "01"]
[TimeControl "180+2"]
[Date "2023.02.28"]
[WhiteClock "0:01:38"]
[BlackClock "0:00:50"]

1. d3 d5 2. Nf3 Nf6 3. a3 a5 4. Nc3 e6 5. Bg5 Nbd7 6. e4 h6 7. Bh4 Be7 8. e5 Ng8 9. Bg3 h5 10. h4 Nh6 11. Bf4 Nf5 12. g3 c5 13. Bh3 g6 14. O-O b6 15. Nb5 Bb7 16. Bxf5 gxf5 17. Bg5 Qb8 18. Bxe7 Kxe7 19. d4 Ba6 20. a4 Bxb5 21. axb5 Qc7 22. c3 Rac8 23. Re1 Rhg8 24. Ng5 Rh8 25. Qf3 cxd4 26. cxd4 Qc4 27. Qa3+ Ke8 28. Rac1 Qxc1 29. Rxc1 Rxc1+ 30. Kg2 Rc4 31. Qd6 Rf8 32. Nh7 f6 33. Qxe6+ Kd8 34. Nxf8 Nxf8 35. Qxb6+ Ke8 36. Qxf6 1-0


[Site "https://www.chess.com"]

[Event "Titled Tuesday Blitz February 28 Early 2023"]
[White "Tworuszka, Michal"]
[Black "Rustemov, Alexander"]
[WhiteFideId "1117858"]
[BlackFideId "4119002"]
[WhiteElo "2462"]
[BlackElo "2883"]
[Result "0-1"]
[Round "01"]
[TimeControl "180+2"]
[Date "2023.02.28"]
[WhiteClock "0:00:02"]
[BlackClock "0:00:46"]

1. d4 g6 2. c4 Bg7 3. Nf3 d6 4. g3 c5 5. Bg2 Nc6 6. dxc5 Qa5+ 7. Nc3 Bxc3+ 8. bxc3 Qxc5 9. Qd5 Qxd5 10. cxd5 Na5 11. Be3 Nf6 12. Bd4 O-O 13. Nd2 b6 14. Nb3 Nc4 15. Bxf6 exf6 16. Nd4 Bd7 17. e3 Rac8 18. Rc1 Rc7 19. Ke2 Rfc8 20. Kd3 Nb2+ 21. Kd2 Nc4+ 22. Kd3 f5 23. Rhe1 Kg7 24. Re2 Kf6 25. Ree1 b5 26. e4 fxe4+ 27. Bxe4 Nb2+ 28. Kd2 Na4 29. Re3 Nc5 30. Bb1 a5 31. f3 b4 32. cxb4 Ne4+ 33. Rxe4 Rxc1 34. Bc2 Ra1 35. Bb3 a4 0-1


[Site "https://www.chess.com"]

[Event "Titled Tuesday Blitz February 28 Early 2023"]
[White "Boros, Denes"]
[Black "Rottenwohrer Suarez, Juan"]
[WhiteFideId "722340"]
[BlackFideId "32068182"]
[WhiteElo "2464"]
[BlackElo "2174"]
[Result "1-0"]
[Round "01"]
[TimeControl "180+2"]
[Date "2023.02.28"]
[WhiteClock "0:00:32"]
[BlackClock "0:00:02"]

1. d4 Nf6 2. Nc3 c5 3. Nf3 cxd4 4. Nxd4 d5 5. e4 dxe4 6. Bg5 a6 7. Bc4 e6 8. Qd2 Be7 9. O-O-O O-O 10. Bxf6 Bxf6 11. Nxe4 Be7 12. Qf4 Qa5 13. Qg3 Nc6 14. Nxc6 bxc6 15. h4 Qb4 16. Qb3 a5 17. h5 h6 18. Rd4 c5 19. Rd3 a4 20. Qc3 Bb7 21. Re1 Rfb8 22. a3 Qb6 23. Rg3 Bf8 24. Ree3 Kh8 25. Rg4 f5 26. Rg6 Bxe4 27. Rxh6+ Kg8 28. Bxe6+ Qxe6 29. Rxe6 Kf7 30. R6xe4 fxe4 31. Qc4+ Ke8 32. Rxe4+ 1-0


[Site "https://www.chess.com"]

[Event "Titled Tuesday Blitz February 28 Early 2023"]
[White "Chojnacki, Slawomir"]
[Black "Livaic, Leon"]
[WhiteFideId "1117076"]
[BlackFideId "14531534"]
[WhiteElo "2096"]
[BlackElo "2509"]
[Result "0-1"]
[Round "01"]
[TimeControl "180+2"]
[Date "2023.02.28"]
[WhiteClock "0:01:46"]
[BlackClock "0:01:06"]

1. d4 f5 2. Nf3 Nf6 3. Bg5 e6 4. Nbd2 Be7 5. c3 O-O 6. Bxf6 Bxf6 7. e4 fxe4 8. Nxe4 b6 9. Bd3 Bb7 10. Qc2 h6 11. h4 Nc6 12. Neg5 Ne7 13. Bh7+ Kh8 14. Bg8 g6 15. Nf7+ Rxf7 16. Bxf7 Kg7 17. h5 Kxf7 18. hxg6+ Kg7 19. Qd2 Qh8 20. O-O-O Bxf3 21. gxf3 Rf8 22. Rdg1 h5 23. Kb1 h4 24. Qf4 d6 25. Qe4 Qh5 26. Qxe6 Qf5+ 27. Qxf5 Nxf5 28. Re1 Kxg6 29. Re4 Kf7 30. Rf4 Ne7 31. Rhxh4 Ng6 32. Rh7+ Kg8 33. Rxf6 Kxh7 0-1


[Site "https://www.chess.com"]

[Event "Titled Tuesday Blitz February 28 Early 2023"]
[White "Indjic, Aleksandar"]
[Black "Bas Mas, Jose Joaquin"]
[WhiteFideId "911925"]
[BlackFideId "22219064"]
[WhiteElo "2625"]
[BlackElo "2233"]
[Result "1-0"]
[Round "01"]
[TimeControl "180+2"]
[Date "2023.02.28"]
[WhiteClock "0:00:41"]
[BlackClock "0:00:15"]

1. d4 d5 2. c4 e6 3. Nf3 Nf6 4. Nc3 Nbd7 5. Qc2 Be7 6. g4 dxc4 7. e4 a6 8. g5 Nh5 9. Bxc4 b5 10. Be2 Bb7 11. Be3 c5 12. d5 b4 13. Na4 exd5 14. exd5 O-O 15. O-O-O Bd6 16. Bc4 Nf4 17. h4 Re8 18. h5 Nf8 19. Rh4 Ng2 20. Re4 Rxe4 21. Qxe4 Nxe3 22. fxe3 Qe8 23. Qxe8 Rxe8 24. Kd2 Re4 25. Kd3 Rg4 26. Nb6 Bc7 27. Na4 Nd7 28. Rf1 Rg3 29. Ke2 Rxf3 30. Rxf3 Ne5 31. Rf4 Kf8 32. Nxc5 Bc8 33. Bb3 Bg4+ 34. Kf1 Bxh5 35. Nxa6 Bd6 36. Nxb4 Bg6 37. Nc6 Bd3+ 38. Kf2 Nxc6 39. dxc6 Bxf4 40. exf4 Ke7 41. Ke3 Ba6 42. Kd4 f6 43. Kc5 fxg5 44. fxg5 h5 45. gxh6 gxh6 46. Kb6 Bc8 47. Kc7 Bf5 48. Bd5 h5 49. a4 h4 50. b4 1-0


[Site "https://www.chess.com"]

[Event "Titled Tuesday Blitz February 28 Early 2023"]
[White "Sanchez, Robert"]
[Black "Bharath Subramaniyam H"]
[WhiteFideId "2034360"]
[BlackFideId "46634827"]
[WhiteElo "2453"]
[BlackElo "2395"]
[Result "0-1"]
[Round "01"]
[TimeControl "180+2"]
[Date "2023.02.28"]
[WhiteClock "0:00:06"]
[BlackClock "0:01:14"]

1. e4 c5 2. Nf3 d6 3. d4 cxd4 4. Nxd4 Nf6 5. Nc3 a6 6. Be3 e5 7. Nb3 Be7 8. f3 Be6 9. Qd2 h5 10. O-O-O Nbd7 11. Kb1 b5 12. Nd5 Bxd5 13. exd5 Nb6 14. Bxb6 Qxb6 15. Na5 O-O 16. Nc6 Rfe8 17. c4 e4 18. Be2 Bf8 19. f4 bxc4 20. Bxc4 e3 21. Qe2 Ne4 22. Rc1 Nd2+ 23. Ka1 g6 24. f5 Bg7 25. Rc2 Re4 26. Bd3 Ra4 27. Rxd2 exd2 28. Qxd2 Qb3 29. Bb1 Re8 30. fxg6 fxg6 31. Rf1 Qb5 32. Qf2 Re2 33. Qf7+ Kh8 0-1


[Site "https://www.chess.com"]

[Event "Titled Tuesday Blitz February 28 Early 2023"]
[White "Kravtsiv, Martyn"]
[Black "Abdilkhair, Abilmansur"]
[WhiteFideId "14113147"]
[BlackFideId "13716417"]
[WhiteElo "2695"]
[BlackElo "2216"]
[Result "1-0"]
[Round "01"]
[TimeControl "180+2"]
[Date "2023.02.28"]
[WhiteClock "0:01:28"]
[BlackClock "0:00:16"]

1. e4 e5 2. Nf3 Nc6 3. Nc3 Nf6 4. a4 Bc5 5. Nxe5 Nxe5 6. d4 Bd6 7. dxe5 Bxe5 8. Bd3 O-O 9. O-O d5 10. Nxd5 Nxd5 11. exd5 g6 12. Qf3 Qh4 13. h3 Bg7 14. c3 Bd7 15. Bf4 c6 16. d6 Be6 17. Rfe1 Bd5 18. Be4 Bxe4 19. Rxe4 f5 20. Re7 g5 21. Be3 Rad8 22. Rxb7 Kh8 23. Qxc6 f4 24. Qc7 Rg8 25. Bd4 Bxd4 26. cxd4 f3 27. Qe7 Qh6 28. Qe5+ Rg7 29. Rxa7 Qg6 30. Rxg7 Qxg7 31. gxf3 h5 32. a5 Kh7 33. Qxg7+ Kxg7 34. a6 Rxd6 35. a7 Rxd4 1-0


[Site "https://www.chess.com"]

[Event "Titled Tuesday Blitz February 28 Early 2023"]
[White "Cabezas Solano, David Alejandro"]
[Black "Madaminov, Mukhiddin"]
[WhiteFideId "6507522"]
[BlackFideId "14210703"]
[WhiteElo "2030"]
[BlackElo "2511"]
[Result "0-1"]
[Round "01"]
[TimeControl "180+2"]
[Date "2023.02.28"]
[WhiteClock "0:00:01"]
[BlackClock "0:00:48"]

1. d4 Nf6 2. c4 e6 3. Nf3 b6 4. g3 Ba6 5. Qc2 Be7 6. Bg2 O-O 7. O-O d5 8. b3 c6 9. Rd1 Nbd7 10. Ne5 Nxe5 11. dxe5 Nd7 12. cxd5 cxd5 13. e4 Rc8 14. Qd2 Nxe5 15. exd5 Nd3 16. Ba3 Bg5 17. f4 Bf6 18. Be4 Nc5 19. Bxc5 Rxc5 20. Na3 Bxa1 21. Rxa1 exd5 22. Bf3 Qf6 23. Re1 h6 24. Nb1 Rfc8 25. Qe3 Rc3 26. Nxc3 Rxc3 27. Qf2 d4 28. Rd1 d3 29. Qe3 g6 30. Qe8+ Kg7 31. Qe3 Rc2 32. Be4 Qb2 33. Bxd3 Rg2+ 34. Kf1 Rxh2 35. Qe5+ Qxe5 36. fxe5 Rh1+ 37. Ke2 Rxd1 38. Bxa6 Rd5 0-1


[Site "https://www.chess.com"]

[Event "Titled Tuesday Blitz February 28 Early 2023"]
[White "Galchenko, Matvey"]
[Black "The_Sherman_Variation"]
[WhiteFideId "24175480"]
[WhiteElo "2404"]
[BlackElo "2452"]
[Result "1-0"]
[Round "01"]
[TimeControl "180+2"]
[Date "2023.02.28"]
[WhiteClock "0:01:23"]
[BlackClock "0:02:11"]

1. f4 Nf6 2. Nf3 d5 3. g3 c5 4. Bg2 Nc6 5. O-O d4 6. d3 e6 7. e4 dxe3 8. Bxe3 Be7 9. Nc3 Ng4 10. Bd2 O-O 11. Ne4 b6 12. Qe2 Nf6 13. Rad1 Nd4 14. Nxd4 Qxd4+ 15. Be3 Qxb2 16. Nxf6+ Bxf6 17. Bxa8 1-0


[Site "https://www.chess.com"]

[Event "Titled Tuesday Blitz February 28 Early 2023"]
[White "Buchenau, Frank"]
[Black "Acor, Corey"]
[WhiteFideId "4604350"]
[BlackFideId "2024861"]
[WhiteElo "2157"]
[BlackElo "2341"]
[Result "0-1"]
[Round "01"]
[TimeControl "180+2"]
[Date "2023.02.28"]
[WhiteClock "0:00:02"]
[BlackClock "0:00:16"]

1. e4 e5 2. Bc4 Nf6 3. d3 c6 4. Nf3 d5 5. Bb3 Bb4+ 6. Bd2 Bd6 7. Nc3 Be6 8. O-O Nbd7 9. Re1 O-O 10. h3 Re8 11. Ng5 Rc8 12. Nxe6 fxe6 13. Bg5 Rf8 14. Nb1 Qb6 15. Be3 Nc5 16. Nd2 a5 17. a4 Qc7 18. Bg5 Qf7 19. Bh4 Qg6 20. Bg3 Nh5 21. Bh2 Nf4 22. Qg4 Qh6 23. Nf3 Rf6 24. Bxf4 Rxf4 25. Qg5 Qxg5 26. Nxg5 Rcf8 27. Nf3 g5 28. Re2 h6 29. Rae1 Kg7 30. exd5 exd5 31. Nxe5 Bxe5 32. Rxe5 Nxb3 33. cxb3 Rxf2 34. Re7+ R8f7 35. Rxf7+ Rxf7 36. Re8 Rf4 37. Re7+ Rf7 38. Re8 h5 39. Ra8 Rf4 40. Rxa5 Rb4 41. Kf2 Rxb3 42. Ke3 Rxb2 43. g4 hxg4 44. hxg4 Kf6 0-1


[Site "https://www.chess.com"]

[Event "Titled Tuesday Blitz February 28 Early 2023"]
[White "Sasikiran, Krishnan"]
[Black "Slade, Theodore"]
[WhiteFideId "5004985"]
[BlackFideId "426547"]
[WhiteElo "2567"]
[BlackElo "1964"]
[Result "1-0"]
[Round "01"]
[TimeControl "180+2"]
[Date "2023.02.28"]
[WhiteClock "0:01:16"]
[BlackClock "0:00:07"]

1. d4 d5 2. c4 e6 3. Nf3 Nf6 4. g3 Be7 5. Bg2 O-O 6. O-O dxc4 7. Qc2 a6 8. a4 Bd7 9. Qxc4 Bc6 10. Bf4 Bd6 11. Bg5 Nbd7 12. Rd1 a5 13. Nc3 h6 14. Bxf6 Nxf6 15. e3 Ne4 16. Ne5 Nxc3 17. Nxc6 bxc6 18. bxc3 Rb8 19. Bxc6 Qf6 20. Rab1 h5 21. Rb5 Rxb5 22. Qxb5 h4 23. Qxa5 hxg3 24. hxg3 Qg6 25. Kf1 Rb8 26. Qa6 Qc2 27. Qd3 Qa2 28. Rd2 Rb1+ 29. Kg2 Qa1 30. Kf3 Rb3 31. Rc2 Qh1+ 32. Ke2 Qxc6 33. a5 Ra3 34. Rb2 Rxa5 35. Rb8+ Bf8 36. Qc2 Qc4+ 37. Kf3 Qd5+ 38. e4 Qa2 39. Qd3 Ra3 40. Qb5 Rxc3+ 41. Kg2 Rc2 42. Qf1 Rd2 43. Qe1 Rxd4 44. Qe3 Qd2 45. Qa3 Rd6 46. Qa8 Kh7 47. Rxf8 Qe2 48. Rh8+ Kg6 49. Qg8 Rd2 50. Qh7+ Kf6 51. Qh4+ g5 52. Rh6+ Ke7 53. Qxg5+ Kd7 54. Qf4 c6 55. Qxf7+ Kd6 56. Qxe6+ Kc5 57. Qxc6+ Kb4 58. Qb6+ Ka3 59. Qa7+ Kb2 60. Rb6+ Kc1 61. Qa1+ Kc2 62. Rb2+ Kd3 63. Qa6+ Kc3 64. Qxe2 Rxe2 65. Rxe2 1-0


[Site "https://www.chess.com"]

[Event "Titled Tuesday Blitz February 28 Early 2023"]
[White "Goltseva, Ekaterina"]
[Black "Drygalov, Sergey"]
[WhiteFideId "24173770"]
[BlackFideId "24171743"]
[WhiteElo "2200"]
[BlackElo "2533"]
[Result "0-1"]
[Round "01"]
[TimeControl "180+2"]
[Date "2023.02.28"]
[WhiteClock "0:00:01"]
[BlackClock "0:01:06"]

1. d4 Nf6 2. c4 e6 3. g3 Bb4+ 4. Bd2 a5 5. Bg2 d6 6. Nf3 Nbd7 7. O-O e5 8. Bg5 exd4 9. Nxd4 h6 10. Bf4 O-O 11. a3 Bc5 12. Nc3 Ne5 13. b3 c6 14. Qd2 Re8 15. Nc2 Bf5 16. Rfd1 Neg4 17. Nd4 Bh7 18. h3 Ne5 19. Be3 a4 20. Qb2 axb3 21. Qxb3 Qe7 22. g4 Nfxg4 23. hxg4 Nxg4 24. Bf4 Qf6 25. e3 Nxf2 26. Kxf2 g5 27. Nce2 gxf4 28. Nxf4 Re5 29. Kg1 Rae8 30. Rd3 Rxe3 31. Rxe3 Bxd4 32. Ne2 Bxe3+ 33. Kh1 Qh4+ 0-1


[Site "https://www.chess.com"]

[Event "Titled Tuesday Blitz February 28 Early 2023"]
[White "Koelle, Tobias"]
[Black "Sreyas Payyappat"]
[WhiteFideId "16207378"]
[BlackFideId "46674969"]
[WhiteElo "2497"]
[BlackElo "2083"]
[Result "1-0"]
[Round "01"]
[TimeControl "180+2"]
[Date "2023.02.28"]
[WhiteClock "0:01:25"]
[BlackClock "0:00:13"]

1. Nf3 Nf6 2. b3 g6 3. Bb2 Bg7 4. e3 O-O 5. Be2 b6 6. O-O Bb7 7. c4 d6 8. d4 Nbd7 9. Nc3 e6 10. Rc1 c5 11. h3 Rc8 12. Qd2 Re8 13. Rfd1 cxd4 14. Nxd4 Nc5 15. Bf3 Bxf3 16. Nxf3 Nfe4 17. Nxe4 Nxe4 18. Qe2 Bxb2 19. Qxb2 Qe7 20. Qd4 f5 21. Nd2 Nf6 22. Nb1 Red8 23. Nc3 e5 24. Nd5 Qe6 25. Nxf6+ Qxf6 26. Qd5+ Qf7 27. a4 Rc5 28. Qd2 Qe6 29. Rc3 a5 30. Rd3 Rc6 31. Rd5 Kf7 32. Qb2 Ke7 33. h4 Rc5 34. g3 Rxd5 35. Rxd5 Rc8 36. Rb5 Rc6 37. Qd2 Kd7 38. c5 Rxc5 39. Rxb6 Qd5 40. Qxd5 Rxd5 41. Rb7+ Kc6 42. Rxh7 Rd3 43. Ra7 Kb6 44. Ra8 Kb7 45. Rxa5 Rxb3 46. Rb5+ Rxb5 47. axb5 e4 48. g4 fxg4 49. Kg2 Kb6 50. Kg3 Kxb5 51. Kxg4 Kc4 52. Kg5 Kd3 53. Kxg6 Ke2 54. Kf5 d5 55. Ke5 Kxf2 56. Kd4 Kf3 57. h5 Kg4 58. h6 Kf5 59. h7 Kg6 60. h8=Q Kf7 61. Qe5 1-0


[Site "https://www.chess.com"]

[Event "Titled Tuesday Blitz February 28 Early 2023"]
[White "Sernecki, Franciszek"]
[Black "Vakhlamov, Igor L."]
[WhiteFideId "1169297"]
[BlackFideId "24126748"]
[WhiteElo "2210"]
[BlackElo "2400"]
[Result "0-1"]
[Round "01"]
[TimeControl "180+2"]
[Date "2023.02.28"]
[WhiteClock "0:00:16"]
[BlackClock "0:00:57"]

1. c4 Nf6 2. Nc3 c5 3. e4 Nc6 4. g3 e6 5. Bg2 d5 6. exd5 exd5 7. Nge2 dxc4 8. Qa4 Be7 9. O-O O-O 10. Qxc4 Be6 11. Qb5 Qb6 12. Qxb6 axb6 13. d3 Rfd8 14. Bf4 Rxd3 15. Bc7 Rd2 16. Nf4 Bc4 17. Rfe1 Bd6 18. Bxd6 Rxd6 19. b3 Ba6 20. Ncd5 Nxd5 21. Nxd5 Nd4 22. Re7 Rad8 23. Rae1 g6 24. Re8+ Kg7 25. Rxd8 Rxd8 26. h4 b5 27. Bf1 Rxd5 0-1


[Site "https://www.chess.com"]

[Event "Titled Tuesday Blitz February 28 Early 2023"]
[White "Zemlyanskii, Ivan"]
[Black "Mortazavi, Ali"]
[WhiteFideId "24249971"]
[BlackFideId "401323"]
[WhiteElo "2233"]
[BlackElo "2339"]
[Result "1-0"]
[Round "01"]
[TimeControl "180+2"]
[Date "2023.02.28"]
[WhiteClock "0:00:03"]
[BlackClock "0:00:01"]

1. d4 Nf6 2. c4 g6 3. h4 Bg7 4. Nc3 h5 5. e4 d6 6. Be2 O-O 7. Bg5 Nc6 8. d5 Ne5 9. Qd2 c6 10. Nf3 Nxf3+ 11. Bxf3 c5 12. Be2 a6 13. a4 Bd7 14. O-O Ng4 15. f3 Ne5 16. Bh6 Rb8 17. Bxg7 Kxg7 18. f4 Ng4 19. Bxg4 Bxg4 20. f5 e5 21. dxe6 fxe6 22. fxg6 Kxg6 23. Rxf8 Qxf8 24. Qg5+ Kh7 25. Rf1 Qg7 26. Qf4 Rg8 27. Kh2 Bh3 28. Qf7 Bxg2 29. Qxg7+ Rxg7 30. Rf2 Rg4 31. Rxg2 Rxh4+ 32. Kg3 Rh1 33. Rd2 Kg6 34. Rxd6 Kf6 35. Rb6 Ke5 36. Rxb7 Kd4 37. Rb6 e5 38. Rxa6 Kxc4 39. a5 h4+ 40. Kg2 Rc1 41. Rb6 Ra1 42. a6 Kd3 43. Kh3 Rh1+ 44. Kg2 Ra1 45. Rc6 Ke3 46. Rh6 1-0


[Site "https://www.chess.com"]

[Event "Titled Tuesday Blitz February 28 Early 2023"]
[White "Chernomordik, Pavel"]
[Black "Ohanyan, Emin"]
[WhiteFideId "2804530"]
[BlackFideId "13312022"]
[WhiteElo "2193"]
[BlackElo "2403"]
[Result "0-1"]
[Round "01"]
[TimeControl "180+2"]
[Date "2023.02.28"]
[WhiteClock "0:00:10"]
[BlackClock "0:00:51"]

1. e4 e5 2. Nf3 Nc6 3. Bb5 f5 4. d4 fxe4 5. Bxc6 dxc6 6. Nxe5 Nf6 7. Nc3 Bd6 8. Qe2 O-O 9. Qc4+ Kh8 10. Nf7+ Rxf7 11. Qxf7 h6 12. Be3 Bg4 13. h3 Bh5 14. Qc4 Qd7 15. g4 b5 16. Qe2 Bf7 17. O-O-O a5 18. g5 Bh5 19. Qd2 Bxd1 20. gxf6 Bf3 21. Rg1 gxf6 22. d5 Rg8 23. Rxg8+ Kxg8 24. dxc6 Qxc6 25. Nd5 Kf7 26. Bxh6 Qd7 27. Bf4 Qxh3 28. b3 Ba3+ 0-1


[Site "https://www.chess.com"]

[Event "Titled Tuesday Blitz February 28 Early 2023"]
[White "Moroni, Luca Jr"]
[Black "Kochetov, Andrey"]
[WhiteFideId "865834"]
[BlackFideId "24130532"]
[WhiteElo "2569"]
[BlackElo "2446"]
[Result "1-0"]
[Round "01"]
[TimeControl "180+2"]
[Date "2023.02.28"]
[WhiteClock "0:00:29"]
[BlackClock "0:00:03"]

1. d4 Nf6 2. Nf3 e6 3. c4 c5 4. Nc3 cxd4 5. Nxd4 a6 6. g3 Qc7 7. Bg2 Nc6 8. O-O Be7 9. b3 O-O 10. Bb2 d6 11. Rc1 Nxd4 12. Qxd4 Bd7 13. Rfd1 Rfd8 14. h3 Rac8 15. e3 Qb8 16. a4 Bc6 17. e4 b5 18. cxb5 axb5 19. a5 b4 20. Na2 d5 21. exd5 Bxd5 22. Rxc8 Qxc8 23. Rc1 Qa8 24. Bxd5 Rxd5 25. Qb6 Qxa5 26. Rc8+ Bf8 27. Qxa5 Rxa5 28. Nxb4 Nd7 29. Rd8 Ra7 30. Nc6 Ra6 31. Ne7+ 1-0


[Site "https://www.chess.com"]

[Event "Titled Tuesday Blitz February 28 Early 2023"]
[White "Rosenberg, Evan S"]
[Black "Molina, Roberto Junio Brito"]
[WhiteFideId "2019299"]
[BlackFideId "2109450"]
[WhiteElo "2445"]
[BlackElo "2376"]
[Result "0-1"]
[Round "01"]
[TimeControl "180+2"]
[Date "2023.02.28"]
[WhiteClock "0:00:01"]
[BlackClock "0:00:12"]

1. d4 d5 2. Nf3 Nf6 3. c3 g6 4. h3 Bg7 5. Bf4 O-O 6. Nbd2 b6 7. e3 c5 8. Bd3 Ba6 9. Bxa6 Nxa6 10. O-O Qd7 11. Ne5 Qb7 12. Qa4 b5 13. Qa5 Rfc8 14. Rfc1 Ne8 15. Ndf3 Nd6 16. Rab1 f6 17. Nd3 Nc4 18. Qxa6 Qxa6 19. Nxc5 Rxc5 20. dxc5 e5 21. Bg3 Qxa2 22. b3 Nd2 23. Nxd2 Qxd2 24. c4 bxc4 25. bxc4 dxc4 26. Rxc4 Qd3 27. Rbc1 Rc8 28. c6 Bf8 29. R1c3 Qd1+ 30. Kh2 Bd6 31. e4 Bc7 32. Rc5 Rd8 33. Rb5 Qd6 34. Rb7 a5 35. Rb5 Qe6 36. f3 Ra8 37. Rd5 a4 38. Rd7 Ra7 39. Bf2 Bb6 40. Bxb6 Rxd7 41. cxd7 Qxd7 42. Bf2 Qd2 43. Rc8+ Kf7 44. Bg3 a3 45. Ra8 Qb2 46. Ra7+ Ke6 47. Ra6+ Ke7 48. Ra7+ Kd8 49. Be1 a2 50. Ba5+ Ke8 51. Ra8+ Kd7 52. Rd8+ Ke7 53. Ra8 a1=Q 54. Bd8+ Kd7 0-1


[Site "https://www.chess.com"]